SOL
SAVANNAH INDIANS @ ASHEVILLE TOURISTS
05/13/1982
 
TOP OF THE 1ST
Savannah Indians batting - Pitching for Asheville Tourists : RHP Lazaro Santin
Pitching: RHP Lazaro Santin
Batting: RHB Angel Salazar 0-0: Ground out 6-3 (Groundball, 6, EV 107.5 MPH)
Batting: LHB Kelvin Torve 0-0: Ball
1-0: Ball
2-0: Called Strike
2-1: SINGLE (Line Drive, 89S, EV 91.3 MPH)
Batting: RHB Jim Paciorek 0-0: Called Strike
0-1: Called Strike
0-2: Ball
1-2: Strikes out swinging
Batting: RHB Wade Rowdon 0-0: DOUBLE (Line Drive, 78M, EV 95.6 MPH)
Kelvin Torve to third
Runner from 3rd tries for Home, SAFE, throw by LF to trailing runner, SAFE at third!
Batting: RHB Ramiro Gutierrez 0-0: Called Strike
0-1: Swinging Strike
0-2: Strikes out swinging
Top of the 1st over - 1 run, 2 hits, 0 errors, 1 left on base; Savannah 1 - Asheville 0
BOTTOM OF THE 1ST
Asheville Tourists batting - Pitching for Savannah Indians : RHP Jose Guzman
Pitching: RHP Jose Guzman
Batting: RHB Ulises Infante 0-0: Foul Ball, location: 2F
0-1: Foul Ball, location: 2F
0-2: Ball
1-2: Strikes out swinging
Batting: LHB Elias Nava 0-0: Ball
1-0: Ball
2-0: Ground out 4-3 (Groundball, 4, EV 101.3 MPH)
Batting: LHB Michael Wishnevski 0-0: Called Strike
0-1: Ball
1-1: Foul Ball, location: 2F
1-2: Strikes out swinging
Bottom of the 1st over - 0 runs, 0 hits, 0 errors, 0 left on base; Savannah 1 - Asheville 0
TOP OF THE 2ND
Savannah Indians batting - Pitching for Asheville Tourists : RHP Lazaro Santin
Batting: LHB Roberto Hernandez 0-0: Called Strike
0-1: Ball
1-1: Foul Ball, location: 2F
1-2: Ball
2-2: Foul Ball, location: 2F
2-2: Strikes out looking
Batting: RHB Eddie Vargas 0-0: Called Strike
0-1: Ball
1-1: Called Strike
1-2: Fly out, F9 (Flyball, 9, EV 91.9 MPH)
Batting: RHB Mario Diaz 0-0: SINGLE (Groundball, 25, EV 66.3 MPH) (infield hit)
Batting: RHB Dan Plante 0-0: Foul Ball, location: 2F
0-1: Ball
1-1: Ball
2-1: Ball
3-1: Foul Ball, location: 2F
3-2: SINGLE (Groundball, 34, EV 94.4 MPH)
Mario Diaz to second
Mario Diaz to third
Batting: RHB Angel Salazar 0-0: Ball
1-0: Fly out, F7 (Line Drive, 7, EV 100.6 MPH)
Top of the 2nd over - 0 runs, 2 hits, 0 errors, 2 left on base; Savannah 1 - Asheville 0
BOTTOM OF THE 2ND
Asheville Tourists batting - Pitching for Savannah Indians : RHP Jose Guzman
Batting: SHB Dan Hanggie 0-0: Swinging Strike
0-1: Ground out 3-1 (Groundball, 34, EV 85.0 MPH)
Batting: LHB Donald Mazzilli 0-0: Called Strike
0-1: Ball
1-1: Ball
2-1: Fly out, F9 (Flyball, 9D, EV 104.4 MPH)
Batting: RHB Gareth Ledbetter 0-0: Ball
1-0: Foul Ball, location: 2F
1-1: Swinging Strike
1-2: Ball
2-2: Foul Ball, location: 2F
2-2: Ball
3-2: SINGLE (Line Drive, 4MD, EV 103.1 MPH)
Batting: LHB Steven Morrison 0-0: Called Strike
0-1: Ball
1-1: Ball
2-1: Fielders Choice at 2nd, 5-4 (Groundball, 5, EV 80.0 MPH)
Bottom of the 2nd over - 0 runs, 1 hit, 0 errors, 1 left on base; Savannah 1 - Asheville 0
TOP OF THE 3RD
Savannah Indians batting - Pitching for Asheville Tourists : RHP Lazaro Santin
Batting: LHB Kelvin Torve 0-0: Called Strike
0-1: Ball
1-1: Ball
2-1: Foul Ball, location: 2F
2-2: Fly out, F8 (Flyball, 8RM, EV 84.4 MPH)
Batting: RHB Jim Paciorek 0-0: Ball
1-0: Swinging Strike
1-1: Ball
2-1: Called Strike
2-2: Ball
3-2: Strikes out looking
Batting: RHB Wade Rowdon 0-0: Called Strike
0-1: Ground out 3-1 (Groundball, 34, EV 92.5 MPH)
Top of the 3rd over - 0 runs, 0 hits, 0 errors, 0 left on base; Savannah 1 - Asheville 0
BOTTOM OF THE 3RD
Asheville Tourists batting - Pitching for Savannah Indians : RHP Jose Guzman
Batting: RHB Tony Toups 0-0: Swinging Strike
0-1: Called Strike
0-2: Ball
1-2: Ball
2-2: Ball
3-2: SINGLE (Line Drive, 7S, EV 93.8 MPH)
Batting: SHB Wayne Simmons 0-0: Swinging Strike
0-1: Foul Ball, location: 2F
0-2: Fielders Choice at 2nd, U6 (Groundball, 4M, EV 98.1 MPH)
Batting: RHB Ulises Infante 0-0: Called Strike
0-1: Ball
1-1: Swinging Strike
1-2: SINGLE (Groundball, 6MD, EV 103.8 MPH)
Wayne Simmons to second
Runner from 2nd tries for 3rd, SAFE, no throw by CF
Batting: LHB Elias Nava 0-0: Swinging Strike
0-1: Ball
1-1: Fly out, F8 (Flyball, 8LXD, EV 108.8 MPH)
Runner from 3rd tags up, SCORES, no throw by CF
Batting: LHB Michael Wishnevski 0-0: Swinging Strike
0-1: Swinging Strike
0-2: Ball
1-2: Foul Ball, location: 2F
1-2: Ball
2-2: Fly out, F9 (Flyball, 9, EV 90.0 MPH)
Bottom of the 3rd over - 1 run, 2 hits, 0 errors, 1 left on base; Savannah 1 - Asheville 1
TOP OF THE 4TH
Savannah Indians batting - Pitching for Asheville Tourists : RHP Lazaro Santin
Batting: RHB Ramiro Gutierrez 0-0: Foul Ball, location: 2F
0-1: SINGLE (Groundball, 4M, EV 105.0 MPH) (infield hit)
Batting: LHB Roberto Hernandez 0-0: Fly out, F8 (Line Drive, 8RM, EV 93.8 MPH)
Batting: RHB Eddie Vargas 0-0: Ball
1-0: Called Strike
1-1: Ball
2-1: Foul Ball, location: 2F
2-2: Strikes out swinging
Batting: RHB Mario Diaz 0-0: Called Strike
0-1: Ball
1-1: Called Strike
1-2: Foul Ball, location: 2F
1-2: SINGLE (Groundball, 6MD, EV 101.9 MPH)
Ramiro Gutierrez to second
Runner from 2nd tries for 3rd, SAFE, no throw by CF
Batting: RHB Dan Plante 0-0: Ball
1-0: Foul Ball, location: 2F
1-1: Ball
2-1: Fly out, F7 (Flyball, 7, EV 87.5 MPH)
Top of the 4th over - 0 runs, 2 hits, 0 errors, 2 left on base; Savannah 1 - Asheville 1
BOTTOM OF THE 4TH
Asheville Tourists batting - Pitching for Savannah Indians : RHP Jose Guzman
Batting: SHB Dan Hanggie 0-0: Ball
1-0: Called Strike
1-1: Ground out 5-3 (Groundball, 56, EV 100.0 MPH)
Batting: LHB Donald Mazzilli 0-0: Foul Ball, location: 2F
0-1: Ball
1-1: Ground out 6-3 (Groundball, 6, EV 98.8 MPH)
Batting: RHB Gareth Ledbetter 0-0: Ball
1-0: Ball
2-0: Called Strike
2-1: Ball
3-1: DOUBLE (Line Drive, 9LM, EV 103.8 MPH)
Batting: LHB Steven Morrison 0-0: Called Strike
0-1: Ball
1-1: Swinging Strike
1-2: Foul Ball, location: 2F
1-2: Foul Ball, location: 2F
1-2: Ball
2-2: Ball
3-2: Base on Balls
Batting: RHB Tony Toups 0-0: Ground out U3 (Groundball, 13, EV 83.8 MPH)
Bottom of the 4th over - 0 runs, 1 hit, 0 errors, 2 left on base; Savannah 1 - Asheville 1
TOP OF THE 5TH
Savannah Indians batting - Pitching for Asheville Tourists : RHP Lazaro Santin
Batting: RHB Angel Salazar 0-0: Called Strike
0-1: Ball
1-1: Ground out 4-3 (Groundball, 4S, EV 83.8 MPH)
Batting: LHB Kelvin Torve 0-0: Ball
1-0: Foul Ball, location: 2F
1-1: Called Strike
1-2: Strikes out swinging
Batting: RHB Jim Paciorek 0-0: Ball
1-0: Ground out 6-3 (Groundball, 6, EV 86.9 MPH)
Top of the 5th over - 0 runs, 0 hits, 0 errors, 0 left on base; Savannah 1 - Asheville 1
BOTTOM OF THE 5TH
Asheville Tourists batting - Pitching for Savannah Indians : RHP Jose Guzman
Batting: SHB Wayne Simmons 0-0: Ball
1-0: Foul Ball, location: 2F
1-1: Foul Ball, location: 2F
1-2: Ball
2-2: Strikes out looking
Batting: RHB Ulises Infante 0-0: Ball
1-0: Ball
2-0: Fly out, F8 (Flyball, 8RD, EV 85.0 MPH)
Batting: LHB Elias Nava 0-0: Ball
1-0: Ball
2-0: Called Strike
2-1: Swinging Strike
2-2: Fly out, F6 (Line Drive, 6, EV 70.6 MPH)
Bottom of the 5th over - 0 runs, 0 hits, 0 errors, 0 left on base; Savannah 1 - Asheville 1
TOP OF THE 6TH
Savannah Indians batting - Pitching for Asheville Tourists : RHP Lazaro Santin
Batting: RHB Wade Rowdon 0-0: Called Strike
0-1: Foul Ball, location: 2F
0-2: Ball
1-2: Ground out 6-3 (Groundball, 6, EV 80.6 MPH)
Batting: RHB Ramiro Gutierrez 0-0: Called Strike
0-1: Ball
1-1: Ground out 4-3 (Groundball, 4M, EV 102.5 MPH)
Batting: LHB Roberto Hernandez 0-0: Called Strike
0-1: Called Strike
0-2: Ball
1-2: Foul Ball, location: 2F
1-2: Strikes out swinging
Top of the 6th over - 0 runs, 0 hits, 0 errors, 0 left on base; Savannah 1 - Asheville 1
BOTTOM OF THE 6TH
Asheville Tourists batting - Pitching for Savannah Indians : RHP Jose Guzman
Batting: LHB Michael Wishnevski 0-0: Called Strike
0-1: Ball
1-1: Foul Ball, location: 2F
1-2: Ball
2-2: Ground out 6-3 (Groundball, 4MD, EV 101.3 MPH)
Batting: SHB Dan Hanggie 0-0: Called Strike
0-1: Ball
1-1: Foul Ball, location: 2F
1-2: Foul Ball, location: 2F
1-2: Ball
2-2: Ground out 4-3 (Groundball, 4, EV 92.5 MPH)
Batting: LHB Donald Mazzilli 0-0: Ball
1-0: Called Strike
1-1: Fly out, F5 (Popup, 56S, EV 85.6 MPH)
Bottom of the 6th over - 0 runs, 0 hits, 0 errors, 0 left on base; Savannah 1 - Asheville 1
TOP OF THE 7TH
Savannah Indians batting - Pitching for Asheville Tourists : RHP Lazaro Santin
Batting: RHB Eddie Vargas 0-0: Ball
1-0: Swinging Strike
1-1: Ball
2-1: Ball
3-1: Base on Balls
Batting: RHB Mario Diaz 0-0: Bunt missed!
0-1: Ball
1-1: Ball
2-1: Bunted foul
2-2: Hit by Pitch
Eddie Vargas to second
Batting: RHB Dan Plante 0-0: Bunted foul
0-1: Ball
1-1: Ball
2-1: Sac Bunt to 13S - play at first, batter OUT! 1-4
Eddie Vargas to third
Mario Diaz to second
Batting: RHB Angel Salazar 0-0: DOUBLE (Line Drive, 7LS, EV 98.1 MPH)
Eddie Vargas scores
Mario Diaz scores
Batting: LHB Kelvin Torve 0-0: Foul Ball, location: 2F
0-1: Called Strike
0-2: Ball
1-2: Ball
2-2: Ball
3-2: Strikes out swinging
Batting: RHB Jim Paciorek 0-0: Ball
1-0: Called Strike
1-1: Ball
2-1: Called Strike
2-2: Foul Ball, location: 2F
2-2: Foul Ball, location: 2F
2-2: Strikes out swinging, 2-3 out at first.
Top of the 7th over - 2 runs, 1 hit, 0 errors, 1 left on base; Savannah 3 - Asheville 1
BOTTOM OF THE 7TH
Asheville Tourists batting - Pitching for Savannah Indians : RHP Jose Guzman
Batting: RHB Gareth Ledbetter 0-0: Ball
1-0: Ball
2-0: Ball
3-0: Called Strike
3-1: Base on Balls
Batting: LHB Steven Morrison 0-0: Called Strike
0-1: Fly out, F8 (Flyball, 89S, EV 85.6 MPH)
Batting: RHB Tony Toups 0-0: Swinging Strike
0-1: Ball
1-1: Ball
2-1: Swinging Strike
2-2: Foul Ball, location: 2F
2-2: Strikes out swinging
Batting: SHB Wayne Simmons 0-0: Ground out 4-3 (Groundball, 4S, EV 85.0 MPH)
Bottom of the 7th over - 0 runs, 0 hits, 0 errors, 1 left on base; Savannah 3 - Asheville 1
TOP OF THE 8TH
Savannah Indians batting - Pitching for Asheville Tourists : RHP Lazaro Santin
Batting: RHB Wade Rowdon 0-0: Called Strike
0-1: Called Strike
0-2: Fly out, F7 (Line Drive, 7, EV 91.3 MPH)
Batting: RHB Ramiro Gutierrez 0-0: Ball
1-0: Foul Ball, location: 2F
1-1: Hit by Pitch
Pitching: LHP Dave Schuler
Batting: LHB Roberto Hernandez 0-0: Ball
1-0: Fielders Choice at 2nd, 4-6 (Groundball, 4, EV 82.5 MPH)
Batting: RHB Eddie Vargas 0-0: Ball
1-0: Called Strike
1-1: Swinging Strike
1-2: Ball
2-2: 2-RUN HOME RUN (Flyball, 9LD, EV 110.6 MPH), Distance : 353 ft
Batting: RHB Mario Diaz 0-0: Called Strike
0-1: Called Strike
0-2: SINGLE (Groundball, 56S, EV 70.0 MPH) (infield hit)
Batting: RHB Dan Plante 0-0: Ball
1-0: Ball
2-0: Ball
3-0: Foul Ball, location: 2F
3-1: Base on Balls
Mario Diaz to second
Batting: RHB Angel Salazar 0-0: Fly out, F5 (Line Drive, 5, EV 66.9 MPH)
Top of the 8th over - 2 runs, 2 hits, 0 errors, 2 left on base; Savannah 5 - Asheville 1
BOTTOM OF THE 8TH
Asheville Tourists batting - Pitching for Savannah Indians : RHP Jose Guzman
Batting: RHB Ulises Infante 0-0: Ball
1-0: Swinging Strike
1-1: Swinging Strike
1-2: Ball
2-2: Strikes out swinging
Batting: LHB Elias Nava 0-0: Ball
1-0: Ground out 4-3 (Groundball, 4S, EV 67.5 MPH)
Batting: LHB Michael Wishnevski 0-0: Called Strike
0-1: Ball
1-1: Ball
2-1: Foul Ball, location: 2F
2-2: Ball
3-2: Base on Balls
Batting: SHB Dan Hanggie 0-0: Swinging Strike
0-1: Ball
1-1: Ball
2-1: Swinging Strike
2-2: Foul Ball, location: 2F
2-2: Ball
3-2: Fly out, F2 (Popup, 15S, EV 86.3 MPH)
Bottom of the 8th over - 0 runs, 0 hits, 0 errors, 1 left on base; Savannah 5 - Asheville 1
TOP OF THE 9TH
Savannah Indians batting - Pitching for Asheville Tourists : LHP Dave Schuler
Batting: LHB Kelvin Torve 0-0: Foul Ball, location: 2F
0-1: Ball
1-1: Ball
2-1: Fly out, F9 (Line Drive, 9, EV 91.9 MPH)
Batting: RHB Jim Paciorek 0-0: Foul Ball, location: 2F
0-1: Fly out, F8 (Flyball, 78S, EV 86.3 MPH)
Batting: RHB Wade Rowdon 0-0: Ball
1-0: Fly out, F8 (Flyball, 78XD, EV 106.9 MPH)
Top of the 9th over - 0 runs, 0 hits, 0 errors, 0 left on base; Savannah 5 - Asheville 1
BOTTOM OF THE 9TH
Asheville Tourists batting - Pitching for Savannah Indians : RHP Jose Guzman
Pitching: RHP Joel Willett
Batting: LHB Donald Mazzilli 0-0: Called Strike
0-1: SINGLE (Groundball, 34D, EV 106.3 MPH)
Batting: RHB Gareth Ledbetter 0-0: Called Strike
0-1: Fly out, F9 (Line Drive, 9, EV 91.3 MPH)
Batting: LHB Steven Morrison 0-0: Called Strike
0-1: Ball
1-1: Called Strike
1-2: Foul Ball, location: 2F
1-2: Ball
2-2: Foul Ball, location: 2F
2-2: Ball
3-2: Fly out, F7 (Flyball, 78D, EV 92.5 MPH)
Batting: RHB Tony Toups 0-0: SINGLE (Groundball, 6MD, EV 99.4 MPH)
Donald Mazzilli to second
Batting: SHB Wayne Simmons 0-0: Foul Ball, location: 2F
0-1: Ball
1-1: Foul Ball, location: 2F
1-2: Strikes out looking
Bottom of the 9th over - 0 runs, 2 hits, 0 errors, 2 left on base; Savannah 5 - Asheville 1
Thursday, July 30th, 2020 - OOTP Baseball 21.5 Build 71